 Dungeon Crawl Stone Soup version 0.30.1-3-gfc49f6343a (webtiles) character file.

Game seed: 3665987523910326252

113757 LavenderCorpse the Dancer (level 16, -2/95 HPs)
             Began as a Vine Stalker Fighter on Aug 2, 2023.
             Was a High Priest of Uskayaw.
             Slain by a sky beast (shapeshifter) (4 damage)
             ... on level 14 of the Dungeon.
             The game lasted 01:13:41 (22577 turns).

LavenderCorpse the Dancer (Vine Stalker Fighter)   Turns: 22577, Time: 01:13:41

Health: -2/95      AC: 26    Str: 27    XL:     16   Next: 64%
Magic:  0/37       EV:  7    Int: 19    God:    Uskayaw [*****.]
Gold:   2138       SH:  0    Dex: 26    Spells: 23/23 levels left

rFire   . . .        v - +1 quick blade of the Ass {holy, *Rage MP+9 Int+5 Stlth+}
rCold   + + +        (no shield)
rNeg    + . .        S - +1 plate armour {rF+}
rPois   +            c - +1 hat of Adepotal {rC++ Str+2}
rElec   .            I - +2 cloak
rCorr   .            t - +1 pair of gloves {infuse}
SInv    .            H - +0 pair of boots
Will    ++...        J - amulet of faith Stlth
                     d - +6 ring of dexterity
HPRegen 1.15/turn    T - ring of Gusk {rPois rF- rN+ Str+4 Int+6}
MPRegen 0.25/turn

%: random rage (20%), guardian spirit, faith
@: on berserk cooldown, slowed, very slow
A: fangs 3, regeneration 1, magic shield, antimagic bite, no potion heal 2,
iridescent scales 2, cold resistance 1
a: Renounce Religion, Stomp, Line Pass, Grand Finale


You were on level 14 of the Dungeon.
You worshipped Uskayaw.
Uskayaw was pleased with you.
You visited 3 branches of the dungeon, and saw 21 of its levels.

You collected 2138 gold pieces.

Inventory:

Hand Weapons
 v - the +1 quick blade of the Ass (weapon) {holy, *Rage MP+9 Int+5 Stlth+}
   (You acquired it on level 5 of the Dungeon)

   Int:       It affects your intelligence (+5).
   MP:        It affects your magic capacity (+9).
   *Rage:     It berserks you when you make melee attacks (+20% chance).
   Stlth:     It makes you more stealthy.
 Q - a +2 triple sword of holy wrath
Missiles
 M - a throwing net
Armour
 c - the +1 hat of Adepotal (worn) {rC++ Str+2}
   (You found it on level 3 of the Lair of Beasts)

   Str:       It affects your strength (+2).
   rC:        It greatly protects you from cold.
 t - a +1 pair of gloves of infusion (worn)
 H - a +0 pair of boots (worn)
 I - a +2 cloak (worn)
 S - a +1 plate armour of fire resistance (worn)
Jewellery
 d - a +6 ring of dexterity (left hand)
 E - a ring of flight
 J - an amulet of faith (around neck)
 K - a ring of magical power
 O - a +6 ring of strength
 T - the ring of Gusk (right hand) {rPois rF- rN+ Str+4 Int+6}
   (You found it on level 10 of the Dungeon)

   [ring of intelligence]

   Str:       It affects your strength (+4).
   Int:       It affects your intelligence (+6).
   rF:        It makes you vulnerable to fire.
   rPois:     It protects you from poison.
   rN:        It protects you from negative energy.
 W - a ring of resist corrosion
Wands
 b - a wand of quicksilver (5)
 e - a wand of mindburst (9)
 o - a wand of digging (4)
 p - a wand of charming (11)
 U - a wand of roots (6)
 V - a wand of polymorph (10)
 X - a wand of flame (27)
Scrolls
 f - 10 scrolls of teleportation
 g - 2 scrolls of silence
 i - 5 scrolls of enchant weapon
 j - 2 scrolls of immolation
 n - 2 scrolls of vulnerability
 q - 2 scrolls of poison
 u - a scroll of brand weapon
 y - 3 scrolls of fear
 C - 2 scrolls of magic mapping
 F - 2 scrolls of blinking
 G - 2 scrolls of amnesia
 N - 3 scrolls of fog
 Y - a scroll of enchant armour
Potions
 h - 3 potions of magic
 l - 2 potions of resistance
 m - a potion of might
 r - 7 potions of curing
 s - 2 potions of degeneration
 w - 2 potions of lignification
 x - a potion of ambrosia
 z - a potion of attraction
 A - 2 potions of flight
 B - 2 potions of haste
 D - a potion of cancellation
 Z - 3 potions of mutation
Miscellaneous
 a - a phial of floods (inert)
 L - a box of beasts
 R - a phantom mirror (inert)


   Skills:
 + Level 15.7 Fighting
 + Level 12.1 Short Blades
 + Level 8.0 Armour
 + Level 5.2 Stealth
 - Level 3.3 Shields
 - Level 4.4 Spellcasting
 + Level 15.9 Invocations


You had 23 spell levels left.
You didn't know any spells.
Your spell library contained the following spells:

 Spells                   Type           Power      Damage    Failure   Level
 Freeze                   Ice            16%        1d4       78%         1
 Necrotise                Necr           16%        1d4       78%         1
 Slow                     Hex            16%        N/A       78%         1
 Blink                    Tloc           8%         N/A       89%         2
 Lesser Beckoning         Tloc           8%         N/A       89%         2
 Momentum Strike          Conj/Tloc      8%         3d8       89%         2
 Scorch                   Fire           8%         2d5       89%         2
 Confusing Touch          Hex            4%         N/A       98%         3
 Frozen Ramparts          Ice            8%         1d2       98%         3
 Gell's Gravitas          Tloc           4%         N/A       98%         3
 Hailstorm                Conj/Ice       4%         3d4       98%         3
 Ignite Poison            Fire/Tmut/Pois 4%         N/A       98%         3
 Inner Flame              Hex/Fire       4%         N/A       98%         3
 Teleport Other           Tloc           4%         N/A       98%         3
 Vampiric Draining        Necr           4%         2d6       98%         3
 Vhi's Electric Charge    Tloc/Air       8%         N/A       98%         3
 Flame Wave               Conj/Fire      4%         2d5       100%        4
 Sticky Flame             Conj/Fire      4%         2d3       100%        4
 Agony                    Necr           4%         N/A       100%        5
 Arcjolt                  Conj/Air       2%         1d12      100%        5
 Plasma Beam              Fire/Air       2%         2x1d13    100%        6
 Summon Cactus Giant      Summ           2%         N/A       100%        6
 Ignition                 Fire           2%         3d3       100%        8


Dungeon Overview and Level Annotations

Branches:
Dungeon (14/15)            Temple (0/1) D:7            Lair (5/5) D:8
 Shoals (0/4) Lair:3       Spider (0/4) Lair:3        Slime (0/5) Lair:4
    Orc (2/2) D:11            Elf (0/3) Orc:2        Vaults (0/5) D:13

Altars:
Ashenzari
Cheibriados
Dithmenos
Elyvilon
Fedhas
Kikubaaqudgha
Okawaru
Uskayaw
Vehumet
Lugonu

Shops:
D:7 ?   D:10 :   D:11 ([   Orc:2 *(:[

Portals:
Abyss: Lair:5


Innate Abilities, Weirdness & Mutations

You have razor-sharp teeth.
Your natural rate of healing is unusually fast.
When hurt, damage is shared between your health and your magic reserves.
Your bite disrupts and absorbs the magic of your enemies.
Potions cannot restore your health.
You are mostly covered in iridescent scales. (AC +4)
Your flesh is cold resistant. (rC+)


Message History

The red ugly thing is lightly wounded.
The red ugly thing punches you but does no damage.
You hit the red ugly thing. You bite the red ugly thing! You drain its power.
You feel invigorated.
The red ugly thing is moderately wounded.
The worm changes into a sky beast!
You puncture the red ugly thing! You bite the red ugly thing!!
You drain its power.
You feel invigorated.
The red ugly thing is almost dead.
The red ugly thing punches you!
* * * LOW HITPOINT WARNING * * *
You are engulfed in flames!!
* * * LOW HITPOINT WARNING * * *
You hit the red ugly thing.
The red ugly thing is almost dead.
The red ugly thing is no longer waterlogged.
You hit the red ugly thing but do no damage.
Your bite misses the red ugly thing.
The red ugly thing is almost dead.
The sky beast flickers out of sight!
Deactivating autopickup; reactivate with Ctrl-A.
The red ugly thing punches you.
* * * LOW HITPOINT WARNING * * *
You are engulfed in flames!
* * * LOW HITPOINT WARNING * * *
You completely miss the red ugly thing. Your bite misses the red ugly thing.
The red ugly thing is almost dead.
Aiming: Line Pass
Press: ? - help, Dir - move target Something unexpectedly blocked you, preventing you from passing!
The red ugly thing splashes around in the water.
The red ugly thing barely misses you.
You closely miss the red ugly thing. You bite the red ugly thing!
You kill the red ugly thing!
You enter the shallow water.
Moving in this stuff is going to be slow.
Something hits you.
* * * LOW HITPOINT WARNING * * *
Something shocks you.
You die...

#..#
♣..†)...♣
##.#
♣.♣.♣.♣.♣ #.#
♣.♣.♣.♣ ♣ #.#
♣ ♣)♣.♣ #.#
♣†Q.♣ ##.#
##.#######
...#
##.##)..e♣
...#
#.)r).#)♣♣♣#
...#
#..#Yu#{@..#
.#.#
#.$$D.#†♣♣♣#
.#.#
...##[##....♣
.#.# #.
###### ...# ♣
.#.# .#.#
...# .#.#


There were no monsters in sight!

Vanquished Creatures
  Jorgrun (D:13)
  A storm dragon (D:11)
  An orc warlord (Orc:2)
  A war gargoyle (D:14)
  A stone giant (D:11)
  Azrael (D:13)
  Snorg (D:10)
  Josephine (D:11)
  4 vault guards (D:13)
  Harold (D:11)
  5 hydras
  2 catoblepae
  8 centaur warriors
  A two-headed ogre (D:10)
  7 orc high priests (Orc:2)
  Urug (D:13)
  4 thrashing horrors (Lair:5)
  3 skeletal warriors (D:12)
  A skyshark (shapeshifter) (Lair:5)
  2 swamp dragons (Lair:3)
  Pikel (D:6)
  5 lindwurms
  2 orc knights (Orc:2)
  2 deep elf pyromancers
  8 ugly things
  3 orc sorcerers (Orc:2)
  An oklob plant (D:9)
  3 manticores
  4 cyclopes
  A salamander (shapeshifter) (Lair:5)
  2 black mambas (shapeshifter) (Lair:5)
  7 elephants
  2 torpor snails (Lair:3)
  8 cane toads
  A smoke demon (Lair:5)
  A cane toad (shapeshifter) (D:14)
  3 gargoyles
  Maggie (D:7)
  7 komodo dragons
  A kobold demonologist (D:13)
  2 ice devils (Orc:2)
  An unseen horror (D:11)
  5 rime drakes
  An efreet (D:12)
  2 ancient zymes (Lair:5)
  7 trolls
  2 polar bears
  A meliai (D:14)
  2 large abominations (Lair:5)
  A raiju (shapeshifter) (D:13)
  11 dream sheep
  A hornet (D:10)
  A blink frog (shapeshifter) (Lair:5)
  10 blink frogs
  Sigmund (D:4)
  56 yaks
  5 wraiths (D:11)
  3 vampires
  8 basilisks
  Grum (D:11)
  4 wyverns
  2 fire elementals (D:13)
  A golden eye (shapeshifter) (D:10)
  A chaos spawn (Lair:5)
  2 redbacks (Lair:3)
  11 vampire mosquitoes
  Edmund (D:4)
  3 wargs
  4 hell hounds (D:13)
  4 acid dragons
  13 water moccasins
  2 floating eyes (D:10)
  24 orc warriors
  2 black bears
  7 ogres
  4 ice beasts
  34 wolves
  13 centaurs
  A phantom (D:6)
  4 kobold brigands
  10 small abominations (Lair:5)
  7 bullfrogs
  3 gnoll sergeants
  3 scorpions
  12 wights
  14 killer bees (D:10)
  6 howler monkeys
  2 vampire bats (D:11)
  6 electric eels
  A hound (D:5)
  2 jellies
  A gnoll bouda (D:8)
  8 orc priests
  3 sleepcaps
  Natasha (twice) (D:3)
  Terence (D:3)
  3 iguanas
  20 orc wizards
  Robin (D:2)
  19 gnolls
  13 adders
  A shadow imp (D:6)
  3 white imps
  2 ufetubi (D:5)
  A worm (D:3)
  2 dart slugs
  49 orcs
  2 bat skeletons (D:11)
  3 bat zombies (D:11)
  8 endoplasms
  3 giant cockroaches
  15 goblins
  9 hobgoblins
  15 jackals
  2 quokkas
  9 ball pythons
  5 bats
  2 frilled lizards
  4 kobolds
  7 rats
647 creatures vanquished.

Vanquished Creatures (collateral kills)
  A cane toad (Lair:3)
1 creature vanquished.

Grand Total: 648 creatures vanquished

Notes
Turn   | Place    | Note
-------+----------+-------------------------------------------
     0 | D:1      | LavenderCorpse the Vine Stalker Fighter began the quest for
                  | the Orb.
     0 | D:1      | Reached XP level 1. HP: 11/11 MP: 2/2
    85 | D:1      | Reached XP level 2. HP: 16/16 MP: 3/3
   663 | D:1      | Reached XP level 3. HP: 16/20 MP: 4/4
  1443 | D:2      | Found a faded altar of an unknown god.
  1597 | D:2      | Gained mutation: Your natural rate of healing is unusually
                  | fast. [Vine Stalker growth]
  1597 | D:2      | Reached XP level 4. HP: 22/25 MP: 5/5
  1597 | D:2      | Noticed Robin
  1617 | D:2      | Killed Robin
  1618 | D:2      | HP: 1/25 [goblin/+0 club[Robin] (3)]
  2149 | D:3      | Reached XP level 5. HP: 20/29 MP: 4/6
  2548 | D:3      | Noticed Terence
  2557 | D:3      | Killed Terence
  2745 | D:3      | Reached skill level 1 in Spellcasting
  2858 | D:3      | Noticed Natasha
  2863 | D:3      | Killed Natasha
  2864 | D:3      | Reached XP level 6. HP: 34/34 MP: 6/8
  2953 | D:3      | Noticed Natasha
  2965 | D:3      | Killed Natasha
  3355 | D:4      | Noticed a black bear
  3396 | D:4      | Killed a black bear
  3397 | D:4      | Reached XP level 7. HP: 27/38 MP: 6/11
  3463 | D:4      | Reached skill level 5 in Short Blades
  3466 | D:4      | Noticed Edmund
  3484 | D:4      | Killed Edmund
  3485 | D:4      | Reached skill level 5 in Fighting
  3595 | D:4      | Noticed Sigmund
  3658 | D:4      | Killed Sigmund
  4028 | D:5      | Entered Level 5 of the Dungeon
  4132 | D:5      | Gained mutation: You have razor-sharp teeth. [Vine Stalker
                  | growth]
  4132 | D:5      | Reached XP level 8. HP: 43/43 MP: 5/13
  4351 | D:5      | Found a hide-covered altar of Uskayaw.
  4355 | D:5      | Became a worshipper of Uskayaw the Reveller
  4359 | D:5      | Found a shadowy altar of Dithmenos.
  4363 | D:5      | Found a radiant altar of Vehumet.
  4397 | D:5      | Reached * piety under Uskayaw
  4403 | D:5      | Noticed a wyvern
  4407 | D:5      | Reached ** piety under Uskayaw
  4411 | D:5      | Killed a wyvern
  4715 | D:5      | Reached *** piety under Uskayaw
  4718 | D:5      | Reached **** piety under Uskayaw
  5151 | D:5      | Identified a scroll of acquirement
  5152 | D:5      | Acquired the +1 quick blade of the Ass {holy, *Rage MP+9
                  | Int+5 Stlth+}
  5282 | D:6      | Reached skill level 1 in Invocations
  5290 | D:6      | Reached XP level 9. HP: 48/48 MP: 16/16
  5468 | D:6      | Noticed Pikel
  5484 | D:6      | Killed Pikel
  5898 | D:7      | Found a staircase to the Ecumenical Temple.
  5947 | D:7      | Found a white marble altar of Elyvilon.
  6149 | D:7      | Found Doshroenn's Magic Scroll Emporium.
  6469 | D:7      | Noticed Maggie
  6490 | D:7      | Killed Maggie
  6491 | D:7      | Reached XP level 10. HP: 42/55 MP: 17/17
  6495 | D:7      | Reached ***** piety under Uskayaw
  7017 | D:8      | Found a staircase to the Lair.
  7191 | D:8      | Reached skill level 5 in Invocations
  7195 | D:8      | Reached skill level 10 in Short Blades
  7384 | D:8      | Noticed a manticore
  7509 | D:8      | Killed a manticore
  7843 | D:9      | Noticed a lindwurm
  7891 | D:9      | Noticed a lindwurm
  7936 | D:9      | Noticed a lindwurm
  8161 | D:9      | Found a broken altar of Ashenzari.
  8161 | D:9      | Found an iron altar of Okawaru.
  8322 | D:9      | Found a blossoming altar of Fedhas.
  8342 | D:9      | Noticed an oklob plant
  8454 | D:9      | Noticed a lindwurm
  8469 | D:9      | Gained mutation: You occasionally shout uncontrollably at
                  | your foes. [potion of mutation]
  8469 | D:9      | Gained mutation: You are weak. (Str -2) [potion of
                  | mutation]
  8470 | D:9      | Lost mutation: You are weak. (Str -2) [potion of mutation]
  8470 | D:9      | Lost mutation: You occasionally shout uncontrollably at
                  | your foes. [potion of mutation]
  8470 | D:9      | Gained mutation: Your magical capacity is low. (-10% MP)
                  | [potion of mutation]
  8470 | D:9      | Gained mutation: Your spells are a little easier to cast,
                  | but a little less powerful. [potion of mutation]
  8470 | D:9      | Gained mutation: You have a pair of small antennae on your
                  | head. [potion of mutation]
  8840 | D:9      | Killed a lindwurm
  8841 | D:9      | Reached XP level 11. HP: 60/60 MP: 16/16
  8851 | D:9      | Killed a lindwurm
  8854 | D:9      | Killed a lindwurm
  8856 | D:9      | Killed a lindwurm
  8904 | D:9      | Identified the +9 lajatang of Rotation {protect, Str+3}
  8925 | D:9      | Lost mutation: Your spells are a little easier to cast, but
                  | a little less powerful. [potion of mutation]
  8925 | D:9      | Lost mutation: You have a pair of small antennae on your
                  | head. [potion of mutation]
  8925 | D:9      | Lost mutation: Your magical capacity is low. (-10% MP)
                  | [potion of mutation]
  8925 | D:9      | Gained mutation: You are partially covered in iridescent
                  | scales. (AC +2) [potion of mutation]
  8925 | D:9      | Gained mutation: You are mostly covered in iridescent
                  | scales. (AC +4) [potion of mutation]
  8925 | D:9      | Gained mutation: Your flesh is cold resistant. (rC+)
                  | [potion of mutation]
  8939 | D:10     | Entered Level 10 of the Dungeon
  9126 | D:10     | Identified the ring of Gusk {rPois rF- rN+ Str+4 Int+6}
  9437 | D:10     | Identified the +9 sling of Magnificence {flame, rN++ Int+2}
  9479 | D:10     | Noticed Snorg
  9497 | D:10     | Killed Snorg
  9561 | D:10     | Reached skill level 10 in Fighting
  9571 | D:10     | Reached ****** piety under Uskayaw
  9610 | D:10     | Paralysed by a hornet for 2 turns
  9642 | D:10     | Noticed a two-headed ogre
  9651 | D:10     | Killed a two-headed ogre
  9672 | D:10     | Reached XP level 12. HP: 69/69 MP: 20/20
  9735 | D:10     | Found Olot's Book Shoppe.
 10936 | Lair:1   | Entered Level 1 of the Lair of Beasts
 10980 | Lair:1   | Reached skill level 10 in Invocations
 11179 | Lair:1   | Found the +8 trident of the Octopus King {venom, rElec
                  | rPois}
 12091 | Lair:2   | Identified the +3 ring mail of Guohura {Contam rElec MP+9
                  | Stlth+}
 12998 | Lair:3   | Found a staircase to the Shoals.
 13190 | Lair:3   | Found a snail-covered altar of Cheibriados.
 13280 | Lair:3   | Found a transporter.
 13348 | Lair:3   | Found a transporter.
 13385 | Lair:3   | Reached XP level 13. HP: 76/76 MP: 22/22
 13400 | Lair:3   | Identified the +1 hat of Adepotal {rC++ Str+2}
 13505 | Lair:3   | Found a hole to the Spider Nest.
 14119 | Lair:4   | Found a staircase to the Slime Pits.
 15257 | Lair:5   | Entered Level 5 of the Lair of Beasts
 15757 | Lair:5   | Reached XP level 14. HP: 84/84 MP: 25/25
 15825 | Lair:5   | Identified the +7 falchion "Keomits" {drain, MP+9 Dex+6}
 16208 | Lair:5   | Found a corrupted altar of Lugonu.
 16210 | Lair:5   | Found a one-way gate to the infinite horrors of the Abyss.
 16506 | Lair:5   | Reached skill level 5 in Armour
 16507 | Lair:5   | Reached XP level 15. HP: 88/88 MP: 26/26
 17236 | D:11     | Noticed a storm dragon
 17319 | D:11     | Killed a storm dragon
 17517 | D:11     | Found an ancient bone altar of Kikubaaqudgha.
 17588 | D:11     | Noticed Josephine
 17596 | D:11     | Killed Josephine
 17986 | D:11     | Noticed Grum
 18006 | D:11     | Killed Grum
 18108 | D:11     | Noticed Harold
 18128 | D:11     | Killed Harold
 18171 | D:11     | Found Xynyn's Armour Emporium.
 18172 | D:11     | Found Riath's Weapon Emporium.
 18179 | D:11     | Found a staircase to the Orcish Mines.
 18789 | Orc:1    | Entered Level 1 of the Orcish Mines
 19152 | Orc:2    | Entered Level 2 of the Orcish Mines
 19169 | Orc:2    | Found Coxu's Antique Armour Shoppe.
 19169 | Orc:2    | Noticed an orc warlord
 19197 | Orc:2    | Reached skill level 15 in Fighting
 19197 | Orc:2    | Reached skill level 15 in Invocations
 19208 | Orc:2    | Killed an orc warlord
 19366 | Orc:2    | Found a staircase to the Elven Halls.
 19419 | Orc:2    | Found Mopiles's Antique Weapon Boutique.
 19457 | Orc:2    | Found Lyhaarph's General Store.
 19787 | Orc:2    | Found Jough's Book Boutique.
 20428 | D:12     | Reached XP level 16. HP: 95/95 MP: 28/28
 21354 | D:13     | Reached skill level 1 in Stealth
 21403 | D:13     | Noticed Urug
 21426 | D:13     | Killed Urug
 21507 | D:13     | Noticed Jorgrun
 21514 | D:13     | Killed Jorgrun
 21623 | D:13     | Found a gate to the Vaults.
 21867 | D:13     | Noticed Azrael
 21884 | D:13     | Killed Azrael
 22549 | D:14     | Reached skill level 5 in Stealth
 22573 | D:14     | HP: 2/95 [red ugly thing (6)]
 22577 | D:14     | Slain by a sky beast (shapeshifter)

Illustrated notes

Levels and vault maps discovered:
D:1:      ncdulo_lavacross, layout_loops_corners, chequers_serial_rivers_marsh
D:2:      layout_loops_ring, shapermc_ecumenical_altar_totnotflames,
          chequers_serial_rivers_marsh, uniq_robin
D:3:      layout_loops_ring, uniq_natasha, uniq_terence
D:4:      layout_rooms, uniq_edmund, uniq_sigmund
D:5:      layout_rooms, grunt_temple_overflow_diamond, serial_bayou,
          serial_bayou_pond_e, serial_bayou_pond_d, serial_bayou_pond_a,
          serial_bayou_lagoon_a, amcnicky_mini_pool_medium
D:6:      layout_rooms, uniq_pikel
D:7:      layout_basic, old_standard_altar, minmay_temple_entry_water_ring,
          serial_shops, nicolae_shop_advertising_works
          [nicolae_subvault_shop_adworks], uniq_maggie
D:8:      layout_rooms, hellmonk_lair_entry_icy
D:9:      layout_roguey, gammafunk_temple_overflow_elements, tgw_fedhas,
          minmay_lindwurm_lava
D:10:     layout_roguey, serial_shops, nicolae_shop_statue_plus,
          serial_corexii_hall, corexii_hall_statues_t, chequers_hall_statues_y,
          chequers_hall_statues_wall_a, chequers_hall_statues_corner_a,
          chequers_hall_statues_corner_a, corexii_hall_statues_i,
          onia_ninara_cookie, uniq_snorg
D:11:     minmay_mutant_horseshoe, layout_cave_pods, orc_david_3,
          kennysheep_vampire_church, uniq_josephine, uniq_harold, uniq_grum
D:12:     layout_cave_pods
D:13:     cheibrodos_elevator_heist, layout_basic,
          lightli_vaults_fourway_checkpoint, uniq_jorgrun, uniq_azrael,
          uniq_urug
D:14:     nzn_winding_woodlands_small
          [nzn_winding_woodlands_5x15_pathside_ponds,
          nzn_winding_woodlands_center_pierced_h,
          nzn_winding_woodlands_5x15_sidewinder], layout_loops_corners,
          special_room [special_room_orc], nicolae_transmutations_shop,
          corexii_corridor_pit, kennysheep_doodads, kennysheep_potato
Lair:1:   layout_roguey, minivault_11, minivault_26, serial_bayou_ford_a
Lair:2:   layout_long_grid
Lair:3:   gammafunk_cloud_chamber, layout_loops_ring, shoals_dummy_entry,
          spider_nest_entry_webs, nicolae_quartered_pool_super,
          kennysheep_snail_temple
Lair:4:   layout_regular_city, slime_entry_1
Lair:5:   hellmonk_lair_end_abyssal_woods, layout_misc_corridors,
          grunt_forest_large_clearings
Orc:1:    layout_caves, nicolae_orc_sculptors_studio, nicolae_orc_bridge_out
Orc:2:    grunt_orc_gardens, layout_diamond_mine, grunt_orc_garden,
          grunt_orc_garden, grunt_orc_garden, grunt_orc_garden,
          portal_ice_cave_demonic_guard

Skill      XL: |  1  2  3  4  5  6  7  8  9 10 11 12 13 14 15 16 |
---------------+-------------------------------------------------+-----
Short Blades   | 2 3 4 5 7 9 10 11 12 | 12.1
Fighting       | 3 4 5 6 7 8 10 12 14 15 | 15.7
Spellcasting   | 1 2 3 4 |  4.4
Invocations    | 1 4 6 9 11 14 15 | 15.9
Armour         | 5 7 8 |  8.0
Shields        | 3 |  3.3
Stealth        | 5 |  5.2

Action                     |  1- 3 |  4- 6 |  7- 9 | 10-12 | 13-15 | 16-18 || total
---------------------------+-------+-------+-------+-------+-------+-------++-------
  Melee: Rapier            |    98 |   167 |    47 |       |       |       ||   312
         Bite              |    20 |    41 |    91 |   322 |   378 |   161 ||  1013
         Punch             |       |     1 |     4 |    11 |    19 |     4 ||    39
         Dagger            |       |       |    88 |       |       |       ||    88
         Quick blade       |       |       |    95 |   654 |   838 |   298 ||  1885
 Invoke: Line Pass         |       |       |     6 |     4 |     2 |     3 ||    15
         Stomp             |       |       |     5 |     3 |     1 |     1 ||    10
         Grand Finale      |       |       |       |     1 |     2 |     1 ||     4
  Evoke: Wand              |       |       |     5 |     1 |       |       ||     6
         Phantom mirror    |       |       |       |     1 |       |     1 ||     2
         Phial of floods   |       |       |       |       |       |     1 ||     1
    Use: Potion            |       |     1 |       |     7 |     2 |     1 ||    11
         Scroll            |       |       |     8 |    14 |     3 |     2 ||    27
   Stab: Paralysed         |       |       |     5 |    44 |    85 |    19 ||   153
         Sleeping          |       |       |     3 |     2 |       |       ||     5
         Confused          |       |       |     2 |     2 |     2 |     2 ||     8
 Armour: Scale mail        |    52 |    79 |    80 |     1 |       |       ||   212
         Steam dragon scal |       |       |       |    39 |       |       ||    39
         Plate armour      |       |       |       |   167 |   282 |   149 ||   598
  Dodge: Dodged            |    31 |    58 |    77 |    75 |   153 |    67 ||   461
